[Event "FIDE WYCC Girls U16 2023"]
[Site "Montesilvano"]
[Date "2023.11.23"]
[Round "10.6"]
[White "Karimova, Guldona"]
[Black "Khuslen, Erdenebayar"]
[Result "1/2-1/2"]
[ECO "A24"]
[WhiteElo "1835"]
[BlackElo "1906"]
[Annotator "NA RC"]
[PlyCount "188"]
[EventDate "2023.11.13"]
[EventType "swiss"]
[EventCountry "ITA"]
[SourceTitle "playchess.com"]
[Source "ChessBase"]
[SourceQuality "1"]
[TimeControl "40/5400+30:1800+30"]

1. c4 Nf6 2. Nc3 g6 3. g3 Bg7 4. Bg2 O-O 5. e3 d6 6. Nge2 e5 7. O-O Nbd7 8. d3 Kh8 9. Rb1 Ng8 10. b4 f5 11. b5 Nc5 12. f4 Re8 13. a4 Nf6 14. Nd5 Be6 15. Nec3 e4 16. d4 Ncd7 17. Rf2 Ng4 18. Rc2 c6 19. bxc6 bxc6 20. Nb4 Bxc4 21. Nxc6 Qc8 22. Nb4 a5 23. Nb5 axb4 24. Nxd6 Qa6 25. Nxc4 Qxa4 26. Bd2 Reb8 27. Rcb2 Qxd1+ 28. Rxd1 Bf8 29. Rdb1 Ra4 30. Bf1 Ngf6 31. Ne5 Rb6 32. Bc4 Kg7 33. Be2 Rb7 34. h3 Ra3 35. Kf2 Nd5 36. Nc6 Rb6 37. Nxb4 Bxb4 38. Bxb4 Rxe3 39. Bd2 Ra3 40. Bb4 Nxb4 41. Rxb4 Rd6 42. Rc1 Kf6 43. Rc8 Ra2 44. Ke1 e3 45. Bd1 Rh2 46. g4 Ra6 47. Rb1 Raa2 48. Bf3 Raf2 49. g5+ Ke7 50. Ba8 e2 51. Kd2 Rf1 52. Re1 Rxf4 53. d5 Rd4+ 54. Ke3 Re4+ 55. Kd2 Rd4+ 56. Ke3 Re4+ 57. Kd2 Re5 58. Bc6 Nc5 59. Rc7+ Kd6 60. Rxh7 Ne4+ 61. Kd3 Nf2+ 62. Kd2 Ne4+ 63. Kd3 Nc5+ 64. Kd2 f4 65. Rg7 Ne4+ 66. Kd3 Nc5+ 67. Kd2 f3 68. Rxg6+ Ke7 69. d6+ Kf7 70. Rf6+ Kg7 71. Rxf3 Re6 72. Ba8 Rxd6+ 73. Kc2 Ra6 74. Bd5 Ra1 75. Kd2 Rxe1 76. Kxe1 Kg6 77. Rg3 Nd7 78. Bg2 Nc5 79. Kxe2 Ne4 80. Rg4 Nxg5 81. Kf2 Kh5 82. Kg3 Nxh3 83. Rg8 Rxg2+ 84. Kxg2 Nf4+ 85. Kf3 Ng6 86. Ke4 Kg5 87. Ra8 Kf6 88. Ra6+ Kg5 89. Ra5+ Kf6 90. Rf5+ Ke6 91. Rf1 Ne7 92. Ra1 Nc6 93. Ra6 Kd6 94. Rxc6+ Kxc6 1/2-1/2

[Event "FIDE WYCC Girls U16 2023"]
[Site "Montesilvano"]
[Date "2023.11.23"]
[Round "10.7"]
[White "Zhou, Shumeng"]
[Black "Kheerthi Ganta"]
[Result "1/2-1/2"]
[ECO "E01"]
[WhiteElo "1559"]
[BlackElo "2030"]
[Annotator "NA RC"]
[PlyCount "67"]
[EventDate "2023.11.13"]
[EventType "swiss"]
[EventCountry "ITA"]
[SourceTitle "playchess.com"]
[Source "ChessBase"]
[SourceQuality "1"]
[TimeControl "40/5400+30:1800+30"]

1. Nf3 d5 2. g3 Nf6 3. Bg2 c6 4. c4 e6 5. b3 Nbd7 6. Bb2 Bd6 7. d4 O-O 8. O-O a5 9. Qc2 Ne4 10. Nfd2 f5 11. f3 Nxd2 12. Qxd2 f4 13. g4 h5 14. Ba3 Bxa3 15. Nxa3 Qg5 16. h3 Nf6 17. Nc2 e5 18. dxe5 Qxe5 19. e3 fxe3 20. Qxe3 Qxe3+ 21. Nxe3 d4 22. Nc2 c5 23. Ne1 b6 24. Nd3 Bb7 25. a4 hxg4 26. hxg4 Rae8 27. Rae1 Nh7 28. f4 Bxg2 29. Kxg2 Nf6 30. Kf3 g6 31. Ne5 Kg7 32. g5 Nh7 33. Kg4 Re6 34. Rh1 1/2-1/2

[Event "FIDE WYCC Girls U16 2023"]
[Site "Montesilvano"]
[Date "2023.11.23"]
[Round "10.8"]
[White "Peglau, Charis"]
[Black "Enkhrii Enkh-Amgalan"]
[Result "1-0"]
[ECO "A02"]
[WhiteElo "2045"]
[BlackElo "1821"]
[Annotator "NA RC"]
[PlyCount "63"]
[EventDate "2023.11.13"]
[EventType "swiss"]
[EventCountry "ITA"]
[SourceTitle "playchess.com"]
[Source "ChessBase"]
[SourceQuality "1"]
[TimeControl "40/5400+30:1800+30"]

1. b3 Nf6 2. Bb2 g6 3. f4 Bg7 4. Nf3 c5 5. e3 Nc6 6. Bb5 a6 7. Bxc6 bxc6 8. O-O d6 9. e4 O-O 10. d3 Bh6 11. Bxf6 exf6 12. f5 d5 13. Nc3 Qd6 14. Qe1 Bd7 15. Qh4 Bg7 16. Rae1 c4 17. Nd1 cxd3 18. cxd3 Rae8 19. Ne3 dxe4 20. dxe4 h5 21. Kh1 Qd3 22. Nc4 Bc8 23. Nb6 Re7 24. Nxc8 Rxc8 25. Qg3 Rxe4 26. fxg6 Rxe1 27. gxf7+ Kf8 28. Rxe1 Qd7 29. Nh4 Qg4 30. Qxg4 hxg4 31. Nf5 Kxf7 32. Nd6+ 1-0

[Event "FIDE WYCC Girls U16 2023"]
[Site "Montesilvano"]
[Date "2023.11.23"]
[Round "10.9"]
[White "Szczotka, Klara"]
[Black "Nuriyeva, Nurtan"]
[Result "1-0"]
[ECO "B52"]
[WhiteElo "2020"]
[BlackElo "1809"]
[Annotator "NA RC"]
[PlyCount "93"]
[EventDate "2023.11.13"]
[EventType "swiss"]
[EventCountry "ITA"]
[SourceTitle "playchess.com"]
[Source "ChessBase"]
[SourceQuality "1"]
[TimeControl "40/5400+30:1800+30"]

1. e4 c5 2. Nf3 d6 3. Bb5+ Bd7 4. Bxd7+ Nxd7 5. c3 g6 6. d4 Bg7 7. O-O Qc7 8. Qe2 Rc8 9. Be3 e6 10. Rd1 Ngf6 11. Nbd2 O-O 12. h3 Qc6 13. Bg5 h6 14. Bh4 Nh7 15. d5 exd5 16. exd5 Qc7 17. Bg3 Rfe8 18. Qd3 c4 19. Qc2 Nhf6 20. Nf1 Qc5 21. Ne3 Nb6 22. a4 Ne4 23. Bh2 a5 24. Nd4 Rcd8 25. Nb5 h5 26. Bf4 g5 27. Bh2 Be5 28. Bxe5 Rxe5 29. Rd4 Rde8 30. Qe2 Nf6 31. Qf3 Nbxd5 32. Nxc4 Re1+ 33. Rxe1 Rxe1+ 34. Kh2 Re6 35. Qf5 g4 36. Ncxd6 Rxd6 37. c4 gxh3 38. gxh3 Qb6 39. cxd5 Rd8 40. d6 Nh7 41. Qxh5 Nf8 42. Qg4+ Ng6 43. h4 Kf8 44. h5 Ne5 45. Qf5 Qc5 46. Qf6 Ke8 47. Qe7# 1-0

[Event "FIDE WYCC Girls U16 2023"]
[Site "Montesilvano"]
[Date "2023.11.23"]
[Round "10.10"]
[White "Kaldarova, Ayaulym"]
[Black "Sawan, Eman"]
[Result "1/2-1/2"]
[ECO "A26"]
[WhiteElo "2005"]
[BlackElo "1662"]
[Annotator "NA RC"]
[PlyCount "165"]
[EventDate "2023.11.13"]
[EventType "swiss"]
[EventCountry "ITA"]
[SourceTitle "playchess.com"]
[Source "ChessBase"]
[SourceQuality "1"]
[TimeControl "40/5400+30:1800+30"]

1. Nf3 Nf6 2. c4 g6 3. Nc3 Bg7 4. g3 O-O 5. Bg2 d6 6. O-O e5 7. d3 Nc6 8. Rb1 a5 9. b3 h6 10. h3 Be6 11. e4 Nd7 12. Be3 Nc5 13. a3 Bd7 14. d4 exd4 15. Nxd4 Nxd4 16. Bxd4 Re8 17. Bxg7 Kxg7 18. Qd4+ f6 19. f4 Ne6 20. Qf2 Nc5 21. Qd4 Ne6 22. Qd2 Nc5 23. Kh2 Bc6 24. Rfe1 h5 25. b4 axb4 26. axb4 Na4 27. b5 Bd7 28. Nd5 Nc5 29. b6 cxb6 30. Nxb6 Ra6 31. Qxd6 Re6 32. Qxc5 Raxb6 33. f5 Rec6 34. Qd5 Rd6 35. Qa5 Bc8 36. Rxb6 Qxb6 37. Qc3 Qd4 38. Qf3 Qe5 39. h4 gxf5 40. Qxh5 Rd3 41. Bf3 Rd2+ 42. Re2 Rxe2+ 43. Bxe2 Qxe4 44. Qf3 Be6 45. Kg2 b6 46. Kf2 Kg6 47. Qe3 Qxe3+ 48. Kxe3 Bf7 49. Kd4 Be6 50. Kc3 f4 51. g4 f5 52. g5 Bd7 53. Bf3 Ba4 54. Kd4 Bc2 55. Be2 Be4 56. Ke5 f3 57. Bf1 Bc2 58. Kd6 Kh5 59. Ke5 Kg6 60. Kf4 Be4 61. Ke3 Kh5 62. Bd3 Kg6 63. Kd4 Kh5 64. Bf1 Bc6 65. Ke5 Be4 66. Kd6 Kg6 67. Kc7 Kh5 68. Kxb6 f4 69. Kc5 Kxh4 70. Kd4 Bf5 71. c5 Kxg5 72. Ke5 Bc8 73. c6 Kg4 74. c7 Kg3 75. Ke4 Bb7+ 76. Ke5 f2 77. Bc4 f3 78. Bf1 Kh2 79. Kf4 Kg1 80. Bb5 f1=Q 81. Bxf1 Kxf1 82. c8=Q Bxc8 83. Kxf3 1/2-1/2

[Event "FIDE WYCC Girls U16 2023"]
[Site "Montesilvano"]
[Date "2023.11.23"]
[Round "10.11"]
[White "Gvatua, Mariam"]
[Black "Shubhi Gupta"]
[Result "0-1"]
[ECO "D11"]
[WhiteElo "1701"]
[BlackElo "1940"]
[Annotator "NA"]
[PlyCount "60"]
[EventDate "2023.11.13"]
[EventType "swiss"]
[EventCountry "ITA"]
[SourceTitle "playchess.com"]
[Source "ChessBase"]
[SourceQuality "1"]
[TimeControl "40/5400+30:1800+30"]

1. Nf3 d5 2. g3 Bg4 3. Bg2 c6 4. O-O Nd7 5. h3 Bh5 6. d4 e6 7. Nbd2 Ngf6 8. c4 Be7 9. a3 a5 10. Ne5 Nxe5 11. dxe5 Nd7 12. cxd5 cxd5 13. f4 f6 14. exf6 Bxf6 15. Kh2 O-O 16. g4 Bg6 17. Nb3 Qb6 18. g5 Bxg5 19. Nd4 Be4 20. Bxe4 dxe4 21. e3 Bf6 22. Rg1 Rad8 23. b4 axb4 24. axb4 Kh8 25. Rg2 e5 26. fxe5 Nxe5 27. Bb2 Nf3+ 28. Kh1 Be5 29. Rg4 Qh6 30. Kg2 Qxe3 0-1

[Event "FIDE WYCC Girls U16 2023"]
[Site "Montesilvano"]
[Date "2023.11.23"]
[Round "10.12"]
[White "Regidor, Kaye Lalaine"]
[Black "Tokarz, Izabela"]
[Result "1/2-1/2"]
[ECO "B10"]
[WhiteElo "1598"]
[BlackElo "1931"]
[Annotator "NA RC"]
[PlyCount "113"]
[EventDate "2023.11.13"]
[EventType "swiss"]
[EventCountry "ITA"]
[SourceTitle "playchess.com"]
[Source "ChessBase"]
[SourceQuality "1"]
[TimeControl "40/5400+30:1800+30"]

1. e4 c6 2. Nf3 d5 3. exd5 cxd5 4. Ne5 Nc6 5. d4 a6 6. c3 Nxe5 7. dxe5 Bf5 8. Bd3 Bxd3 9. Qxd3 e6 10. Be3 Qc7 11. f4 Nh6 12. Nd2 Nf5 13. Nb3 Qc4 14. O-O-O a5 15. Kb1 b5 16. g4 Nxe3 17. Qxe3 Be7 18. Nd4 Rb8 19. Qd3 h5 20. f5 Qxd3+ 21. Rxd3 Kd7 22. gxh5 Rxh5 23. Rg3 g6 24. fxe6+ fxe6 25. Rxg6 Rxe5 26. Rg7 Rb7 27. Rf1 Rg5 28. Rxg5 Bxg5 29. Rf7+ Be7 30. h4 e5 31. Nf3 Ke6 32. Ng5+ Kd6 33. Kc2 Rb8 34. Rf5 Bxg5 35. Rxg5 e4 36. Kd2 b4 37. h5 bxc3+ 38. Kxc3 Kc5 39. h6 e3 40. Re5 Rh8 41. Rh5 Re8 42. h7 e2 43. Rh1 Re3+ 44. Kd2 e1=Q+ 45. Rxe1 Rh3 46. Re7 Kd4 47. Ke2 Rh2+ 48. Kf3 Kd3 49. Re3+ Kd4 50. Re7 a4 51. Kf4 Kd3 52. Kf5 d4 53. Kg6 Rg2+ 54. Kf7 Rh2 55. Kg8 Rxb2 56. Ra7 Rg2+ 57. Kf8 1/2-1/2

[Event "FIDE WYCC Girls U16 2023"]
[Site "Montesilvano"]
[Date "2023.11.23"]
[Round "10.13"]
[White "Karaivanova, Petya"]
[Black "Zhanybekova, Begimay"]
[Result "1/2-1/2"]
[ECO "B85"]
[WhiteElo "1883"]
[BlackElo "1664"]
[Annotator "NA RC"]
[PlyCount "105"]
[EventDate "2023.11.13"]
[EventType "swiss"]
[EventCountry "ITA"]
[SourceTitle "playchess.com"]
[Source "ChessBase"]
[SourceQuality "1"]
[TimeControl "40/5400+30:1800+30"]

1. e4 c5 2. Nf3 e6 3. d4 cxd4 4. Nxd4 Nc6 5. Nc3 Qc7 6. Be2 a6 7. O-O Nf6 8. Be3 Be7 9. f4 d6 10. Qe1 O-O 11. Kh1 Nxd4 12. Bxd4 e5 13. fxe5 dxe5 14. Qg3 Nd7 15. Rad1 Qd6 16. Be3 Qg6 17. Nd5 Bd6 18. Qf2 b5 19. Qh4 Bb7 20. Bh5 Qe6 21. Bg4 f5 22. Bxf5 Rxf5 23. exf5 Qf7 24. Nb6 Nxb6 25. Rxd6 Qc4 26. Rd8+ Rxd8 27. Qxd8+ Kf7 28. Rd1 Qc6 29. Rd2 Nd5 30. Bg5 h6 31. Bh4 Qc4 32. Kg1 Bc6 33. Bg3 Qe4 34. Qc8 Qe3+ 35. Rf2 Qc1+ 36. Rf1 Qxc2 37. Qe6+ Kf8 38. Qc8+ Kf7 39. Qe6+ Kf8 40. Bxe5 Ne7 41. Bxg7+ Ke8 42. Rf3 Bxf3 43. gxf3 Qc1+ 44. Kf2 Qc5+ 45. Kg2 Qc2+ 46. Kh3 Qf2 47. Kg4 Qg2+ 48. Kf4 Qxh2+ 49. Ke4 Qe2+ 50. Kf4 Qh2+ 51. Ke4 Qe2+ 52. Kf4 Qh2+ 53. Ke4 1/2-1/2

[Event "FIDE WYCC Girls U16 2023"]
[Site "Montesilvano"]
[Date "2023.11.23"]
[Round "10.14"]
[White "Kiraly, Lilla Virag"]
[Black "Ter-Avetisjana, Agnesa Stepania"]
[Result "1/2-1/2"]
[ECO "B11"]
[WhiteElo "1765"]
[BlackElo "2105"]
[Annotator "NA RC"]
[PlyCount "121"]
[EventDate "2023.11.13"]
[EventType "swiss"]
[EventCountry "ITA"]
[SourceTitle "playchess.com"]
[Source "ChessBase"]
[SourceQuality "1"]
[TimeControl "40/5400+30:1800+30"]

1. e4 c6 2. Nc3 d5 3. Nf3 Bg4 4. h3 Bh5 5. exd5 cxd5 6. Bb5+ Nc6 7. g4 Bg6 8. Ne5 Rc8 9. d4 e6 10. Qe2 Bb4 11. Bxc6+ bxc6 12. h4 Qa5 13. Bd2 Ne7 14. h5 Bxc2 15. O-O Ba4 16. h6 Ng6 17. hxg7 Rg8 18. Nxg6 hxg6 19. Rac1 Rxg7 20. b3 Bb5 21. Nxb5 Bxd2 22. Nd6+ Kd7 23. Rc5 Qc7 24. Nxc8 Rh7 25. Qe5 Kxc8 26. Qxc7+ Kxc7 27. Rc2 Bf4 28. Kg2 Rh2+ 29. Kf3 g5 30. b4 Kd6 31. Rb1 Rh3+ 32. Ke2 Rh4 33. Rb3 e5 34. Rbc3 exd4 35. Rxc6+ Ke5 36. Rc7 Rh3 37. f3 d3+ 38. Kxd3 Rxf3+ 39. Ke2 Rh3 40. R7c3 Rh4 41. Kf3 Kd4 42. Rc8 Rh3+ 43. Kf2 Ke4 44. Re2+ Kd3 45. Re7 Rh2+ 46. Kf3 Rh3+ 47. Kg2 Rg3+ 48. Kf2 Rxg4 49. Rxf7 Be3+ 50. Kf3 Rxb4 51. Rd8 g4+ 52. Kg3 d4 53. Rxa7 Ke2 54. Ra3 Bf2+ 55. Kxg4 d3+ 56. Kf5 d2 57. Rad3 Be3 58. a3 Rc4 59. R8d5 Rc1 60. Ke4 Rc4+ 61. Ke5 1/2-1/2

[Event "FIDE WYCC Girls U16 2023"]
[Site "Montesilvano"]
[Date "2023.11.23"]
[Round "10.15"]
[White "Yu, Yuexi"]
[Black "Zelbova, Lada"]
[Result "1-0"]
[ECO "D36"]
[WhiteElo "1734"]
[BlackElo "2057"]
[Annotator "NA RC"]
[PlyCount "95"]
[EventDate "2023.11.13"]
[EventType "swiss"]
[EventCountry "ITA"]
[SourceTitle "playchess.com"]
[Source "ChessBase"]
[SourceQuality "1"]
[TimeControl "40/5400+30:1800+30"]

1. d4 d5 2. c4 e6 3. Nc3 Nf6 4. cxd5 exd5 5. Bg5 c6 6. Qc2 Be7 7. e3 O-O 8. Bd3 Nbd7 9. Nge2 Re8 10. O-O Nf8 11. f3 Ng6 12. Rad1 h6 13. Bxg6 fxg6 14. Bf4 g5 15. Be5 Bf8 16. Qd3 Be6 17. h3 Rc8 18. Bh2 b5 19. Nb1 Qe7 20. Ng3 c5 21. Rde1 Qd7 22. Nd2 cxd4 23. Qxd4 Rc2 24. Rc1 Rec8 25. Nb3 Bxh3 26. Rxc2 Rxc2 27. Rf2 Rc4 28. Qd3 Be6 29. Nd4 a6 30. Ngf5 Bxf5 31. Nxf5 Rc1+ 32. Rf1 Qc6 33. Be5 Rxf1+ 34. Kxf1 Qc4 35. Qxc4 bxc4 36. Nxh6+ gxh6 37. Bxf6 Bg7 38. Bxg7 Kxg7 39. g4 Kf6 40. b3 Ke5 41. bxc4 dxc4 42. Ke2 a5 43. Kd2 Kd5 44. Kc3 Kc5 45. e4 Kb5 46. a3 Ka4 47. Kxc4 Kxa3 48. e5 1-0

[Event "FIDE WYCC Girls U16 2023"]
[Site "Montesilvano"]
[Date "2023.11.23"]
[Round "10.16"]
[White "Deak-Sala, Emilia"]
[Black "Djukic, Katarina"]
[Result "1-0"]
[ECO "A08"]
[WhiteElo "1927"]
[BlackElo "1536"]
[Annotator "NA RC"]
[PlyCount "97"]
[EventDate "2023.11.13"]
[EventType "swiss"]
[EventCountry "ITA"]
[SourceTitle "playchess.com"]
[Source "ChessBase"]
[SourceQuality "1"]
[TimeControl "40/5400+30:1800+30"]

1. Nf3 Nf6 2. g3 g6 3. Bg2 Bg7 4. O-O c5 5. d3 d5 6. Nbd2 O-O 7. e4 Nc6 8. Re1 b6 9. c3 Bb7 10. e5 Ng4 11. d4 cxd4 12. cxd4 Rc8 13. Nf1 Nb4 14. Rb1 Ba6 15. Ne3 Nxe3 16. Rxe3 Nc6 17. Rc3 Qd7 18. Bf4 Na5 19. Rbc1 Rxc3 20. Rxc3 Rc8 21. Ra3 Bb5 22. h4 h6 23. Re3 Qf5 24. b3 Qc2 25. Qxc2 Rxc2 26. a4 Bd7 27. Ne1 Rc1 28. Bxd5 e6 29. Bf3 Nxb3 30. Rxb3 Rxe1+ 31. Kg2 Bxa4 32. Ra3 b5 33. Bd2 Rb1 34. Rc3 Rb2 35. Rc8+ Kh7 36. Ba5 b4 37. Rc4 Bf8 38. Rc7 Kg7 39. Rxa7 b3 40. Bd8 Ra2 41. Rb7 Rc2 42. d5 Rc3 43. Bf6+ Kh7 44. Rxf7+ Kg8 45. Rb7 Ba3 46. Bg4 b2 47. Bxe6+ Kf8 48. Bg7+ Ke8 49. Rb8+ 1-0

[Event "FIDE WYCC Girls U16 2023"]
[Site "Montesilvano"]
[Date "2023.11.23"]
[Round "10.17"]
[White "Sippola, Sara-Olivia"]
[Black "Kanishka S"]
[Result "0-1"]
[ECO "B13"]
[WhiteElo "1907"]
[BlackElo "1656"]
[Annotator "NA RC"]
[PlyCount "106"]
[EventDate "2023.11.13"]
[EventType "swiss"]
[EventCountry "ITA"]
[SourceTitle "playchess.com"]
[Source "ChessBase"]
[SourceQuality "1"]
[TimeControl "40/5400+30:1800+30"]

1. e4 c6 2. d4 d5 3. exd5 cxd5 4. Bd3 Nc6 5. c3 e6 6. Bf4 Bd6 7. Bxd6 Qxd6 8. Nf3 Nge7 9. Qe2 O-O 10. Ne5 f6 11. Qh5 h6 12. Nxc6 bxc6 13. Nd2 e5 14. dxe5 fxe5 15. O-O-O e4 16. Nxe4 Qf4+ 17. Nd2 Bg4 18. Qh4 Bxd1 19. Qxe7 Bg4 20. f3 Bf5 21. g3 Qg5 22. Qxg5 hxg5 23. Bxf5 Rxf5 24. h4 Re8 25. hxg5 Rxg5 26. Rh4 Rxg3 27. c4 dxc4 28. Rxc4 Rd8 29. Ne4 Rxf3 30. Rxc6 Re3 31. Nc3 Kf7 32. Rc7+ Re7 33. Rc5 Rh8 34. a4 Rh2 35. Kb1 Rg2 36. Rf5+ Ke6 37. Ra5 Rb7 38. Nb5 g5 39. Ra6+ Kd5 40. Nc3+ Kc4 41. Nd1 Re2 42. Rc6+ Kd4 43. Rg6 Rg2 44. a5 Kc5 45. Ne3 Rgxb2+ 46. Kc1 Rb1+ 47. Kd2 Rg1 48. Ke2 Rf7 49. a6 Rg3 50. Re6 Rh3 51. Re5+ Kd4 52. Re6 Rh2+ 53. Ke1 Kd3 0-1

[Event "FIDE WYCC Girls U16 2023"]
[Site "Montesilvano"]
[Date "2023.11.23"]
[Round "10.18"]
[White "Levchenko, Marina"]
[Black "Braeutigam, Katerina"]
[Result "0-1"]
[ECO "E48"]
[WhiteElo "1700"]
[BlackElo "1904"]
[Annotator "NA RC"]
[PlyCount "114"]
[EventDate "2023.11.13"]
[EventType "swiss"]
[EventCountry "ITA"]
[SourceTitle "playchess.com"]
[Source "ChessBase"]
[SourceQuality "1"]
[TimeControl "40/5400+30:1800+30"]

1. d4 Nf6 2. c4 e6 3. Nc3 Bb4 4. e3 O-O 5. Bd3 c5 6. Nge2 cxd4 7. exd4 d5 8. a3 dxc4 9. Bxc4 Be7 10. O-O b6 11. Bf4 Bb7 12. Qd3 Qd7 13. Rad1 Rd8 14. f3 a6 15. Ba2 Nd5 16. Bg3 Nxc3 17. Nxc3 Bd5 18. Nxd5 exd5 19. Bxb8 Raxb8 20. Rfe1 Qb7 21. Qe3 Bf6 22. Qf4 Qc6 23. Bb1 Re8 24. Qd2 Qa4 25. Rxe8+ Rxe8 26. Kf2 g6 27. Bc2 Qb5 28. b3 Bxd4+ 29. Qxd4 Qe2+ 30. Kg3 Qxc2 31. Qxd5 h5 32. Qd3 h4+ 33. Kh3 Qb2 34. Qd7 Rf8 35. Qd5 Qxa3 36. Kxh4 Qb2 37. Rd2 Qc1 38. Kg5 Rc8 39. Kf6 Rc6+ 40. Ke7 Re6+ 41. Kd7 Qa3 42. f4 Qf8 43. Kc7 Re7+ 44. Kxb6 Re6+ 45. Kc7 Qe7+ 46. Kc8 Qa7 47. Qd8+ Kh7 48. Qh4+ Kg7 49. f5 Rc6+ 50. Kd8 Qb8+ 51. Ke7 Qf8+ 52. Kd7 Qc8+ 53. Ke7 Rc7+ 54. Kd6 Rd7+ 55. Ke5 Rxd2 56. f6+ Kg8 57. Qh6 Qf5# 0-1

[Event "FIDE WYCC Girls U16 2023"]
[Site "Montesilvano"]
[Date "2023.11.23"]
[Round "10.19"]
[White "Dulteva, Anastasia"]
[Black "Hubert, Charlotte"]
[Result "0-1"]
[ECO "B90"]
[WhiteElo "1498"]
[BlackElo "1881"]
[Annotator "NA RC"]
[PlyCount "64"]
[EventDate "2023.11.13"]
[EventType "swiss"]
[EventCountry "ITA"]
[SourceTitle "playchess.com"]
[Source "ChessBase"]
[SourceQuality "1"]
[TimeControl "40/5400+30:1800+30"]

1. e4 c5 2. Nf3 d6 3. d4 cxd4 4. Nxd4 Nf6 5. Nc3 a6 6. h3 e5 7. Nb3 Be7 8. Be3 Be6 9. f4 b5 10. f5 Bd7 11. Qf3 Bc6 12. Bd3 Nbd7 13. Rd1 h5 14. g3 Rc8 15. a3 Nb6 16. Qe2 Qc7 17. Rg1 d5 18. exd5 Nbxd5 19. Nxd5 Bxd5 20. Bg5 Qb7 21. Qd2 O-O 22. Bxf6 Bxf6 23. Rb1 Rfd8 24. Qe3 e4 25. Be2 Rxc2 26. Bxh5 Qc7 27. Bd1 Rxb2 28. Rxb2 Bxb2 29. Nd2 Bb7 30. Rg2 Rd3 31. Qe2 Bc3 32. Qg4 e3 0-1

[Event "FIDE WYCC Girls U16 2023"]
[Site "Montesilvano"]
[Date "2023.11.23"]
[Round "10.20"]
[White "Pragnya H G"]
[Black "Vlasova, Olesia"]
[Result "1/2-1/2"]
[ECO "C54"]
[WhiteElo "1679"]
[BlackElo "1850"]
[Annotator "NA RC"]
[PlyCount "78"]
[EventDate "2023.11.13"]
[EventType "swiss"]
[EventCountry "ITA"]
[SourceTitle "playchess.com"]
[Source "ChessBase"]
[SourceQuality "1"]
[TimeControl "40/5400+30:1800+30"]

1. e4 e5 2. Nf3 Nc6 3. Bc4 Bc5 4. c3 d6 5. d3 Nf6 6. Nbd2 a5 7. a4 Ba7 8. O-O h6 9. Re1 O-O 10. Nf1 Ne7 11. Ng3 c6 12. Bb3 Ng6 13. h3 Be6 14. Bc2 Qc7 15. Nf5 d5 16. N3h4 dxe4 17. dxe4 Nxh4 18. Nxh4 Qe7 19. Qf3 Ng4 20. Nf5 Bxf5 21. hxg4 Be6 22. Qg3 Qf6 23. Rf1 Bc4 24. Bd3 Bxd3 25. Qxd3 Rad8 26. Qe2 Qg6 27. Qf3 Rd6 28. Qf5 Qxf5 29. exf5 Rfd8 30. Re1 Rd1 31. Kf1 f6 32. Rb1 b5 33. axb5 cxb5 34. Ra1 Bb6 35. Be3 Rxa1 36. Rxa1 Bxe3 37. fxe3 Rd2 38. Rxa5 Rxb2 39. Ra8+ Kh7 1/2-1/2

[Event "FIDE WYCC Girls U16 2023"]
[Site "Montesilvano"]
[Date "2023.11.23"]
[Round "10.21"]
[White "Nguyen, Ngoc Hien"]
[Black "Tadic, Ana"]
[Result "1-0"]
[ECO "D06"]
[WhiteElo "1642"]
[BlackElo "1791"]
[Annotator "NA RC"]
[PlyCount "88"]
[EventDate "2023.11.13"]
[EventType "swiss"]
[EventCountry "ITA"]
[SourceTitle "playchess.com"]
[Source "ChessBase"]
[SourceQuality "1"]
[TimeControl "40/5400+30:1800+30"]

1. d4 d5 2. Nf3 Nf6 3. e3 Bf5 4. c4 e6 5. Qb3 Nc6 6. Bd2 Rb8 7. Qa4 Be7 8. b4 Ne4 9. c5 Nxd2 10. Nbxd2 Bf6 11. b5 Ne7 12. h3 Nc8 13. Rc1 O-O 14. Be2 Qe8 15. Ne5 Be7 16. c6 f6 17. Nd3 b6 18. Qb3 Bd6 19. Nf4 g5 20. Bh5 Qe7 21. Ne2 h6 22. Bf3 Bb4 23. Nc3 Ba5 24. O-O Nd6 25. Rfd1 Bxc3 26. Rxc3 Ne4 27. Nxe4 dxe4 28. Be2 Qd6 29. Rc4 Bg6 30. Rdc1 f5 31. Ra4 f4 32. Rxa7 f3 33. Bc4 Rf6 34. g3 h5 35. Qa3 Qd8 36. Rd1 Bf7 37. Qc3 Rf5 38. Qc2 Ra8 39. Rxa8 Qxa8 40. Qxe4 Rf6 41. Qe5 Qd8 42. Qxg5+ Kf8 43. Bb3 Bg6 44. Bxe6 Ke7 1-0

[Event "FIDE WYCC Girls U16 2023"]
[Site "Montesilvano"]
[Date "2023.11.23"]
[Round "10.22"]
[White "Hayrapetyan, Nvard"]
[Black "Radenkovic, Mila"]
[Result "1/2-1/2"]
[ECO "B23"]
[WhiteElo "1462"]
[BlackElo "1767"]
[Annotator "NA RC"]
[PlyCount "138"]
[EventDate "2023.11.13"]
[EventType "swiss"]
[EventCountry "ITA"]
[SourceTitle "playchess.com"]
[Source "ChessBase"]
[SourceQuality "1"]
[TimeControl "40/5400+30:1800+30"]

1. e4 c5 2. Nc3 Nc6 3. Bb5 g6 4. Bxc6 bxc6 5. d3 Bg7 6. Be3 Rb8 7. Qc1 Qb6 8. Nge2 d6 9. b3 Qa5 10. Bd2 Bg4 11. O-O h5 12. f3 Be6 13. f4 Nh6 14. a4 Qc7 15. Qe1 Qc8 16. a5 h4 17. Qf2 h3 18. g3 Ng4 19. Qf3 Nh6 20. Rae1 Bg4 21. Qf2 Bh5 22. Kh1 Ng4 23. Qg1 Qa6 24. Na4 Rxb3 25. Rb1 Rxb1 26. Rxb1 O-O 27. Qf1 c4 28. d4 Nf6 29. Nac3 Qxa5 30. Ng1 Ng4 31. Nxh3 Bxd4 32. Qxc4 Qc5 33. Qxc5 Bxc5 34. Ng5 Ne3 35. Na4 Bb6 36. Nxb6 axb6 37. Bxe3 b5 38. Kg2 Ra8 39. Bd4 c5 40. Ra1 Rxa1 41. Bxa1 b4 42. Nf3 Bg4 43. Nd2 Bd1 44. c3 b3 45. Kf2 Kf8 46. Ke3 Bc2 47. Nc4 Ke8 48. Na3 Bd1 49. c4 Kd7 50. Kd2 Bf3 51. e5 dxe5 52. Bxe5 f6 53. Bb2 Ke6 54. Ke3 Bd1 55. h3 Kf5 56. Nb1 Ke6 57. Nc3 Bc2 58. Na4 Kd6 59. Ba3 Kc6 60. Kd2 Bf5 61. g4 Be4 62. Nxc5 b2 63. Bxb2 Kxc5 64. Kc3 e5 65. fxe5 fxe5 66. Ba3+ Kc6 67. h4 Bf3 68. g5 Be2 69. Bf8 Kd7 1/2-1/2

[Event "FIDE WYCC Girls U16 2023"]
[Site "Montesilvano"]
[Date "2023.11.23"]
[Round "10.23"]
[White "Bochnickova, Simona"]
[Black "Bruntse, Kathrine Lindegaard"]
[Result "1/2-1/2"]
[ECO "B47"]
[WhiteElo "2043"]
[BlackElo "1746"]
[Annotator "NA RC"]
[PlyCount "95"]
[EventDate "2023.11.13"]
[EventType "swiss"]
[EventCountry "ITA"]
[SourceTitle "playchess.com"]
[Source "ChessBase"]
[SourceQuality "1"]
[TimeControl "40/5400+30:1800+30"]

1. e4 c5 2. Nf3 e6 3. d4 cxd4 4. Nxd4 Nc6 5. Nc3 Qc7 6. g4 a6 7. Be3 Bb4 8. Nxc6 Bxc3+ 9. bxc3 dxc6 10. g5 Ne7 11. Qd4 e5 12. Qb6 Qxb6 13. Bxb6 Be6 14. h4 h6 15. Bg2 hxg5 16. hxg5 Rxh1+ 17. Bxh1 f6 18. Bf3 Kf7 19. O-O-O Rh8 20. Kb2 Nc8 21. Be3 Ke7 22. Rg1 Rh7 23. Bc5+ Ke8 24. Bg4 Bxg4 25. Rxg4 b6 26. gxf6 gxf6 27. Rg8+ Kd7 28. Be3 Rf7 29. f4 Nd6 30. Kb3 exf4 31. Bxb6 Nxe4 32. Rg4 Kd6 33. Rxf4 Rb7 34. Rxe4 Rxb6+ 35. Rb4 Rxb4+ 36. cxb4 f5 37. Kc4 f4 38. Kd4 f3 39. Ke3 Kd5 40. Kxf3 Kc4 41. a3 Kc3 42. Ke3 Kxc2 43. Kd4 Kb3 44. Kd3 Kxa3 45. Kc3 Ka4 46. Kc4 a5 47. bxa5 Kxa5 48. Kc5 1/2-1/2

[Event "FIDE WYCC Girls U16 2023"]
[Site "Montesilvano"]
[Date "2023.11.23"]
[Round "10.24"]
[White "Lobo Pereira, Arami"]
[Black "Di Fabio, Sara"]
[Result "1-0"]
[ECO "A56"]
[WhiteElo "2013"]
[BlackElo "1517"]
[Annotator "NA"]
[PlyCount "45"]
[EventDate "2023.11.13"]
[EventType "swiss"]
[EventCountry "ITA"]
[SourceTitle "playchess.com"]
[Source "ChessBase"]
[SourceQuality "1"]
[TimeControl "40/5400+30:1800+30"]

1. d4 Nf6 2. c4 c5 3. d5 e5 4. Nc3 d6 5. g3 Be7 6. Bg2 Nbd7 7. e4 O-O 8. Nge2 Ne8 9. O-O g6 10. Bh6 Ng7 11. f4 exf4 12. gxf4 f5 13. exf5 Rxf5 14. Ng3 Rf7 15. Nce4 Nf5 16. Nxf5 Rxf5 17. Bh3 Rh5 18. Be6+ Kh8 19. Ng5 Bxg5 20. fxg5 Rxg5+ 21. Bxg5 Qxg5+ 22. Kh1 Ne5 23. Rf8+ 1-0